Monsters vs Penguins

Created - Wednesday, January 27, 2016 at 12:23

Goals
1 2 3 OT1 T
Monsters 0 1 0 0 1
Penguins 0 0 1 1 2
Shots
1 2 3 OT1 T
Monsters 10 10 3 1 24
Penguins 11 3 6 2 22

1st period

No Goal

Penalties :
FARM PLAYER15 (WBS) for Hooking (Minor) at 0:58, FARM PLAYER33 (WBS) for Hooking (Minor) at 16:45

2nd period

1. Monsters , Trevor van Riemsdyk 5 (Quinton Howden) at 18:23

Penalties :
Dustin Gazley (WBS) for Tripping (Minor) at 2:53, Patrice Cormier (WBS) for Fighting (Major) at 10:56, Troy Rutkowski (LEM) for Fighting (Major) at 10:56

3rd period

2. Penguins , Adam Clendening 16 (Trevor Parkes, Dan Ellis) at 11:24 (PP)

Penalties :
Jeff Schultz (WBS) for Fighting (Major) at 0:11, Austin Watson (LEM) for Fighting (Major) at 0:11, Drew Bagnall (WBS) for Fighting (Major) at 0:14, Mitch Callahan (LEM) for Fighting (Major) at 0:14, Steven Pinizzotto (LEM) for Hooking (Minor) at 0:37, Steven Pinizzotto (LEM) for Hooking (Minor) at 9:27

Overtime #1

3. Penguins , Adam Clendening 17 (Ryan Olsen) at 2:18

Penalties :
No Penalty

Goalie Stats

Matt Climie (LEM), 20 saves from 22 shots - (0.909), OTL, 7-4-9, 62:18 minutes
Dan Ellis (WBS), 23 saves from 24 shots - (0.958), W, 3-0-0, 62:18 minutes

Players Stats for Monsters

Player Name              G  A  P  +/- PIM S  H  SB GA TA FO     MP     PP MP  PK MP  
------------------------------------------------------------------------------------
Austin Watson            0  0  0   0  5   3  1  3  4  2  5/14   21:55   2:37   0:50 
Blair Riley              0  0  0   0  0   1  2  0  0  0  0/0    10:05   0:00   0:00 
Cal O'Reilly             0  0  0   0  0   0  2  0  0  2  5/11   22:15   3:02   2:45 
Charles Hudon            0  0  0   0  0   0  1  0  1  0  3/5    15:13   0:18   0:00 
Chase Balisy             0  0  0  -1  0   2  1  0  1  0  0/0     6:09   0:00   0:00 
FARM PLAYER13            0  0  0   0  0   1  0  0  0  0  0/0    20:24   0:00   1:33 
FARM PLAYER18            0  0  0   1  0   0  0  0  0  1  0/0    18:40   0:00   0:27 
Jeff Hoggan              0  0  0   0  0   1  2  1  2  2  0/0    15:32   3:02   0:00 
Jordan Weal              0  0  0   1  0   3  1  0  3  1  3/5    12:35   0:00   0:15 
Kris Fredheim            0  0  0  -1  0   1  3  0  0  0  0/0    24:16   3:55   1:34 
Matt MacKenzie           0  0  0   0  0   0  2  0  0  3  0/0    20:52   2:02   2:22 
Mitch Callahan           0  0  0   0  5   0  0  0  1  1  0/0    16:25   2:55   0:15 
Quinton Howden           0  1  1   1  0   0  0  0  2  0  0/1    12:20   0:00   0:00 
Scott Timmins            0  0  0   0  0   2  3  0  5  0  5/6    12:28   0:00   1:47 
Steven Pinizzotto        0  0  0   0  4   4  1  1  0  2  0/1    18:05   2:55   0:00 
Trevor van Riemsdyk      1  0  1  -1  0   2  1  0  0  3  0/0    24:16   3:55   1:34 
Troy Rutkowski           0  0  0   1  5   0  1  1  0  2  0/0    18:09   2:02   2:22 
Viktor Arvidsson         0  0  0   0  0   4  1  1  2  0  0/0    15:32   3:02   0:00 

Players Stats for Penguins

Player Name              G  A  P  +/- PIM S  H  SB GA TA FO     MP     PP MP  PK MP  
------------------------------------------------------------------------------------
Adam Clendening          2  0  2   0  0   5  1  1  4  1  0/0    24:50   2:23   3:55 
Carson McMillan          0  0  0   0  0   1  6  1  2  0  5/7    17:14   1:58   0:00 
Charles Sarault          0  0  0   0  0   0  0  0  0  0  0/0     0:00   0:00   0:00 
Colton Parayko           0  0  0   0  0   2  1  2  1  1  0/0    15:34   1:33   0:00 
Drew Bagnall             0  0  0  -1  5   0  0  0  0  0  0/0    23:04   1:01   2:02 
Dustin Gazley            0  0  0   0  2   4  0  0  5  0  0/0    17:43   1:58   0:00 
FARM PLAYER15            0  0  0   0  2   0  1  1  0  0  0/1    18:34   1:53   0:46 
FARM PLAYER22            0  0  0  -1  0   1  2  0  0  1  0/0    19:08   0:06   0:23 
FARM PLAYER27            0  0  0   0  0   0  0  0  0  0  0/0     2:26   0:00   0:00 
FARM PLAYER33            0  0  0   1  2   0  0  0  0  1  0/1    12:08   0:00   0:57 
FARMPLAYER2              0  0  0   0  0   0  3  2  4  0  6/15   21:56   1:58   2:02 
Jason Gregoire           0  0  0   0  0   1  2  1  4  0  1/3    10:30   0:00   0:00 
Jeff Schultz             0  0  0   0  5   1  2  0  0  2  0/0    25:58   0:56   3:55 
Justin Vaive             0  0  0   0  0   1  1  1  2  0  0/0    21:04   1:58   3:23 
Patrice Cormier          0  0  0  -1  5   1  4  0  2  0  4/7    22:16   1:58   2:49 
Philippe Cornet          0  0  0   0  0   4  0  0  4  4  1/1    16:08   0:00   1:48 
Ryan Olsen               0  1  1   1  0   1  2  0  1  0  5/8    15:23   0:00   0:00 
Trevor Parkes            0  1  1   0  0   0  2  1  2  1  0/0    19:13   1:58   1:48 

3 Stars

1 - Adam Clendening (WBS)
2 - Dan Ellis (WBS)
3 - Ryan Olsen (WBS)

Power Play

Monsters - 0 on 3 Attempt(s) - 0.00%
Penguins - 1 on 2 Attempt(s) - 50.00%

Penalty Kill

Monsters - 1 on 2 Attempt(s) - 50.00% - Score 0 goal in Penalty Kill
Penguins - 3 on 3 Attempt(s) - 100.00% - Score 0 goal in Penalty Kill

Team Stat

Monsters - Hits : 22 - Faceoff Wins : 21 - Blocked Shots : 7 - Penalty Minutes : 19
Penguins - Hits : 27 - Faceoff Wins : 22 - Blocked Shots : 10 - Penalty Minutes : 21

Official

Referees : Unknown
Linesman : Unknown

Game Notes

Patrice Cormier and Troy Rutkowski fight to a draw at 10:56 of 2nd period
Jeff Schultz and Austin Watson fight to a draw at 0:11 of 3rd period
Drew Bagnall beats up Mitch Callahan at 0:14 of 3rd period

Finance

Level 1 -- Attendance: 1629 (81.45%) -- Ticket Income $57,015
Level 2 -- Attendance: 748 (74.80%) -- Ticket Income $11,220
Total Attendance: 2377 (79.23%)
Total Ticket Income: $68,235
Other Income: $33,435
Total Income: $101,670

Monsters

5 vs 5 Forward 
   Center                   Left Wing                Right Wing               Time % Phy DF OF 
 1 Austin Watson            Mitch Callahan           Steven Pinizzotto        35     1   2  2  
 2 Cal O'Reilly             Jeff Hoggan              Viktor Arvidsson         30     1   2  2  
 3 Jordan Weal              Quinton Howden           Austin Watson            22     1   2  2  
 4 Scott Timmins            Blair Riley              Cal O'Reilly             13     1   2  2  

5 vs 5 Defense 
   Defense                  Defense                                           Time % Phy DF OF 
 1 Trevor van Riemsdyk      Kris Fredheim                                     35     1   2  2  
 2 Matt MacKenzie           Troy Rutkowski                                    30     1   2  2  
 3 FARM PLAYER13            FARM PLAYER18                                     22     1   2  2  
 4 Trevor van Riemsdyk      Kris Fredheim                                     13     1   2  2  

PowerPlay Forward 
   Center                   Left Wing                Right Wing               Time % Phy DF OF 
 1 Austin Watson            Mitch Callahan           Steven Pinizzotto        60     1   2  2  
 2 Cal O'Reilly             Jeff Hoggan              Viktor Arvidsson         40     1   2  2  

PowerPlay Defense
   Defense                  Defense                                           Time % Phy DF OF 
 1 Trevor van Riemsdyk      Kris Fredheim                                     60     1   2  2  
 2 Matt MacKenzie           Troy Rutkowski                                    40     1   2  2  

Penalty Kill 4 Players Forward 
   Center                   Wing                     Time % Phy DF OF 
 1 Austin Watson            Cal O'Reilly             60     1   2  2  
 2 Jordan Weal              Mitch Callahan           40     1   2  2  

Penalty Kill 4 Players Defense
   Defense                  Defense                  Time % Phy DF OF 
 1 Trevor van Riemsdyk      Kris Fredheim            60     1   2  2  
 2 Matt MacKenzie           Troy Rutkowski           40     1   2  2  

Penalty Kill - 3 Players Forward 
   Forward                                           Time % Phy DF OF 
 1 Austin Watson                                     60     1   2  2  
 2 Cal O'Reilly                                      40     1   2  2  

Penalty Kill - 3 Players Defense
   Defense                  Defense                  Time % Phy DF OF 
 1 Trevor van Riemsdyk      Kris Fredheim            60     1   2  2  
 2 Matt MacKenzie           Troy Rutkowski           40     1   2  2  

4 vs 4 Forward 
   Center                   Wing                     Time % Phy DF OF 
 1 Austin Watson            Cal O'Reilly             60     1   2  2  
 2 Jordan Weal              Mitch Callahan           40     1   2  2  

4 vs 4 Defense
   Defense                  Defense                  Time % Phy DF OF 
 1 Trevor van Riemsdyk      Kris Fredheim            60     1   2  2  
 2 Matt MacKenzie           Troy Rutkowski           40     1   2  2  

Last Minutes Offensive
   Center                   Left Wing                Right Wing               Defense                  Defense                  
   Austin Watson            Mitch Callahan           Steven Pinizzotto        Trevor van Riemsdyk      Kris Fredheim            

Last Minutes Defensive
   Center                   Left Wing                Right Wing               Defense                  Defense                  
   Austin Watson            Mitch Callahan           Steven Pinizzotto        Trevor van Riemsdyk      Kris Fredheim            

Goaltenders
Starting : Matt Climie              
Backup : FARM GOALIE2             

Extra Forwards
Normal : Charles Hudon, Chase Balisy, Scott Timmins - PP : Charles Hudon, Chase Balisy - PK : Scott Timmins
Extra Defensemen
Normal : FARM PLAYER13, FARM PLAYER18, Matt MacKenzie - PP : FARM PLAYER13 - PK : FARM PLAYER18, Matt MacKenzie
Penalty Shots
Austin Watson, Cal O'Reilly, Jordan Weal, Mitch Callahan, Steven Pinizzotto

Penguins

5 vs 5 Forward 
   Center                   Left Wing                Right Wing               Time % Phy DF OF 
 1 FARMPLAYER2              Patrice Cormier          Trevor Parkes            35     1   2  2  
 2 Carson McMillan          Justin Vaive             Dustin Gazley            30     1   2  2  
 3 Ryan Olsen               Philippe Cornet          FARM PLAYER15            22     1   2  2  
 4 FARMPLAYER2              Jason Gregoire           Patrice Cormier          13     1   2  2  

5 vs 5 Defense 
   Defense                  Defense                                           Time % Phy DF OF 
 1 Jeff Schultz             Adam Clendening                                   35     1   2  2  
 2 Drew Bagnall             Colton Parayko                                    30     1   2  2  
 3 Drew Bagnall             FARM PLAYER22                                     22     1   2  2  
 4 FARM PLAYER33            Jeff Schultz                                      13     1   2  2  

PowerPlay Forward 
   Center                   Left Wing                Right Wing               Time % Phy DF OF 
 1 FARMPLAYER2              Patrice Cormier          Trevor Parkes            60     1   2  2  
 2 Carson McMillan          Justin Vaive             Dustin Gazley            40     1   2  2  

PowerPlay Defense
   Defense                  Defense                                           Time % Phy DF OF 
 1 Jeff Schultz             Adam Clendening                                   60     1   2  2  
 2 Drew Bagnall             Colton Parayko                                    40     1   2  2  

Penalty Kill 4 Players Forward 
   Center                   Wing                     Time % Phy DF OF 
 1 Patrice Cormier          Justin Vaive             60     1   2  2  
 2 Philippe Cornet          Trevor Parkes            40     1   2  2  

Penalty Kill 4 Players Defense
   Defense                  Defense                  Time % Phy DF OF 
 1 Jeff Schultz             Adam Clendening          60     1   2  2  
 2 Drew Bagnall             FARMPLAYER2              40     1   2  2  

Penalty Kill - 3 Players Forward 
   Forward                                           Time % Phy DF OF 
 1 Patrice Cormier                                   60     1   2  2  
 2 Justin Vaive                                      40     1   2  2  

Penalty Kill - 3 Players Defense
   Defense                  Defense                  Time % Phy DF OF 
 1 Jeff Schultz             Adam Clendening          60     1   2  2  
 2 FARM PLAYER22            FARMPLAYER2              40     1   2  2  

4 vs 4 Forward 
   Center                   Wing                     Time % Phy DF OF 
 1 Patrice Cormier          Justin Vaive             60     1   2  2  
 2 Philippe Cornet          Trevor Parkes            40     1   2  2  

4 vs 4 Defense
   Defense                  Defense                  Time % Phy DF OF 
 1 Jeff Schultz             Adam Clendening          60     1   2  2  
 2 FARM PLAYER33            FARMPLAYER2              40     1   2  2  

Last Minutes Offensive
   Center                   Left Wing                Right Wing               Defense                  Defense                  
   FARMPLAYER2              Patrice Cormier          Trevor Parkes            Jeff Schultz             Adam Clendening          

Last Minutes Defensive
   Center                   Left Wing                Right Wing               Defense                  Defense                  
   FARMPLAYER2              Patrice Cormier          Trevor Parkes            Jeff Schultz             Adam Clendening          

Goaltenders
Starting : Dan Ellis                
Backup : Martin Brodeur           

Extra Forwards
Normal : Jason Gregoire, Ryan Olsen, FARM PLAYER33 - PP : Jason Gregoire, Ryan Olsen - PK : FARM PLAYER33
Extra Defensemen
Normal : Drew Bagnall, FARM PLAYER22, FARM PLAYER15 - PP : Drew Bagnall - PK : FARM PLAYER22, FARM PLAYER15
Penalty Shots
FARMPLAYER2, Patrice Cormier, Justin Vaive, Philippe Cornet, Trevor Parkes

% Time on Ice - Monsters

Lines # - Real PCT - Wanted PCT - Time Play
Normal Forward
1 - 30% - 35% - 15:12
2 - 25% - 30% - 12:30
3 - 25% - 22% - 12:20
4 - 20% - 13% - 10:05
Normal Defense
1 - 31% - 35% - 15:30
2 - 32% - 30% - 16:14
3 - 33% - 22% - 16:36
4 - 4% - 13% - 1:47
PP Forward
1 - 49% - 60% - 2:55
2 - 51% - 40% - 3:02
PP Defense
1 - 66% - 60% - 3:55
2 - 34% - 40% - 2:02
PK Forward
1 - 94% - 60% - 3:41
2 - 6% - 40% - 0:15
PK Defense
1 - 40% - 60% - 1:34
2 - 60% - 40% - 2:22
PK3 Forward
1 - 0% - 60%
2 - 0% - 40%
PK3 Defense
1 - 0% - 60%
2 - 0% - 40%
44 Forward
1 - 100% - 60% - 2:18
2 - 0% - 40% - 0:00
44 Defense
1 - 65% - 60% - 1:30
2 - 35% - 40% - 0:48
Last Minute Offensive  - 0:00
Last Minute Defensive  - 0:00
Total
Forward - 62:18
Defense - 62:18

% Time on Ice - Penguins

Lines # - Real PCT - Wanted PCT - Time Play
Normal Forward
1 - 27% - 35% - 13:33
2 - 34% - 30% - 17:10
3 - 26% - 22% - 12:48
4 - 13% - 13% - 6:36
Normal Defense
1 - 34% - 35% - 16:55
2 - 31% - 30% - 15:25
3 - 20% - 22% - 10:12
4 - 15% - 13% - 7:35
PP Forward
1 - 50% - 60% - 1:58
2 - 50% - 40% - 1:58
PP Defense
1 - 61% - 60% - 2:23
2 - 39% - 40% - 1:33
PK Forward
1 - 70% - 60% - 4:09
2 - 30% - 40% - 1:48
PK Defense
1 - 66% - 60% - 3:55
2 - 34% - 40% - 2:02
PK3 Forward
1 - 0% - 60%
2 - 0% - 40%
PK3 Defense
1 - 0% - 60%
2 - 0% - 40%
44 Forward
1 - 100% - 60% - 2:18
2 - 0% - 40% - 0:00
44 Defense
1 - 70% - 60% - 1:37
2 - 30% - 40% - 0:41
Last Minute Offensive  - 0:00
Last Minute Defensive  - 0:00
Total
Forward - 62:18
Defense - 62:18

Play by Play

1st period


0:01 of 1st period - Patrice Cormier wins face-off versus Austin Watson in neutral zone.
0:21 of 1st period - Slapshot by Mitch Callahan.
0:21 of 1st period - Deflect By Steven Pinizzotto.
0:21 of 1st period - Shot Misses the Net.
0:21 of 1st period - Puck is out of play.
0:22 of 1st period - Carson McMillan wins face-off versus Cal O'Reilly in Penguins zone.
0:29 of 1st period - Snap shot by Viktor Arvidsson.
0:29 of 1st period - Shot Misses the Net.
0:43 of 1st period - Snap shot by Carson McMillan.
0:43 of 1st period - Stopped by Matt Climie with a rebound.
0:45 of 1st period - Slapshot by Colton Parayko.
0:45 of 1st period - Stopped by Matt Climie without a rebound.
0:46 of 1st period - Ryan Olsen wins face-off versus Jordan Weal in Monsters zone.
0:58 of 1st period - Minor Penalty to FARM PLAYER15 for Hooking.
0:59 of 1st period - Austin Watson wins face-off versus Patrice Cormier in Penguins zone.
1:19 of 1st period - Wrist shot by Austin Watson.
1:19 of 1st period - Stopped by Dan Ellis with a rebound.
1:51 of 1st period - Adam Clendening is hit by Viktor Arvidsson and loses puck.
2:04 of 1st period - Trevor Parkes is hit by Jeff Hoggan and loses puck.
2:15 of 1st period - Justin Vaive is hit by Kris Fredheim and loses puck.
2:22 of 1st period - Kris Fredheim is hit by Patrice Cormier and loses puck.
2:55 of 1st period - Slapshot by Austin Watson.
2:55 of 1st period - Shot Blocked by FARMPLAYER2.
2:58 of 1st period - Penalty to FARM PLAYER15 is over, FARM PLAYER15 is back on ice.
3:35 of 1st period - Snap shot by Scott Timmins.
3:35 of 1st period - Stopped by Dan Ellis with a rebound.
3:37 of 1st period - Slapshot by FARM PLAYER13.
3:37 of 1st period - Stopped by Dan Ellis with a rebound.
5:15 of 1st period - Mitch Callahan is hit by Carson McMillan and loses puck.
5:42 of 1st period - Slapshot by Jason Gregoire.
5:42 of 1st period - Shot Blocked by Jeff Hoggan.
5:44 of 1st period - Snap shot by Jason Gregoire.
5:44 of 1st period - Deflect By Ryan Olsen.
5:44 of 1st period - Shot Misses the Net.
5:44 of 1st period - Puck is out of play.
5:45 of 1st period - Ryan Olsen wins face-off versus Jordan Weal in Monsters zone.
6:07 of 1st period - Wrist shot by Jordan Weal.
6:07 of 1st period - Shot Blocked by Jason Gregoire.
6:09 of 1st period - Snap shot by Quinton Howden.
6:09 of 1st period - Shot Misses the Net.
6:15 of 1st period - Snap shot by Quinton Howden.
6:15 of 1st period - Shot Misses the Net.
7:25 of 1st period - Charles Hudon is hit by Jeff Schultz and loses puck.
7:50 of 1st period - Wrist shot by Jordan Weal.
7:50 of 1st period - Stopped by Dan Ellis with a rebound.
8:08 of 1st period - Scott Timmins is hit by Trevor Parkes.
8:16 of 1st period - Trevor Parkes is hit by Chase Balisy and loses puck.
8:23 of 1st period - Wrist shot by Chase Balisy.
8:23 of 1st period - Stopped by Dan Ellis with a rebound.
8:25 of 1st period - Slapshot by Trevor van Riemsdyk.
8:25 of 1st period - Shot Blocked by FARMPLAYER2.
8:45 of 1st period - Patrice Cormier is hit by Jeff Hoggan and loses puck.
9:14 of 1st period - Slapshot by Adam Clendening.
9:14 of 1st period - Shot Blocked by Austin Watson.
9:16 of 1st period - Slapshot by Philippe Cornet.
9:16 of 1st period - Stopped by Matt Climie with a rebound.
9:18 of 1st period - Slapshot by Adam Clendening.
9:18 of 1st period - Deflect By Ryan Olsen.
9:18 of 1st period - Shot Blocked by Steven Pinizzotto.
9:18 of 1st period - Puck is out of play.
9:19 of 1st period - Austin Watson wins face-off versus Ryan Olsen in Monsters zone.
9:34 of 1st period - Wrist shot by Jordan Weal.
9:34 of 1st period - Stopped by Dan Ellis without a rebound.
9:35 of 1st period - Carson McMillan wins face-off versus Quinton Howden in Penguins zone.
9:54 of 1st period - Snap shot by Jordan Weal.
9:54 of 1st period - Shot Misses the Net.
10:16 of 1st period - Jeff Schultz is hit by Kris Fredheim and loses puck.
10:29 of 1st period - Slapshot by Adam Clendening.
10:29 of 1st period - Stopped by Matt Climie with a rebound.
10:47 of 1st period - Matt MacKenzie is hit by Ryan Olsen and loses puck.
11:01 of 1st period - Off-side.
11:02 of 1st period - Scott Timmins wins face-off versus FARMPLAYER2 in neutral zone.
12:11 of 1st period - Viktor Arvidsson is hit by Jason Gregoire and loses puck.
12:22 of 1st period - Slapshot by Colton Parayko.
12:22 of 1st period - Shot Blocked by Viktor Arvidsson.
12:24 of 1st period - Wrist shot by Drew Bagnall.
12:24 of 1st period - Deflect By Trevor Parkes.
12:24 of 1st period - Deflect By Viktor Arvidsson.
12:24 of 1st period - Shot Misses the Net.
12:24 of 1st period - Puck is out of play.
12:25 of 1st period - Jason Gregoire wins face-off versus Charles Hudon in Monsters zone.
12:34 of 1st period - Wrist shot by Dustin Gazley.
12:34 of 1st period - Stopped by Matt Climie with a rebound.
13:37 of 1st period - Snap shot by Blair Riley.
13:37 of 1st period - Stopped by Dan Ellis without a rebound.
13:38 of 1st period - Scott Timmins wins face-off versus FARMPLAYER2 in Penguins zone.
14:38 of 1st period - Wrist shot by Dustin Gazley.
14:38 of 1st period - Stopped by Matt Climie with a rebound.
14:40 of 1st period - Slapshot by Colton Parayko.
14:40 of 1st period - Stopped by Matt Climie without a rebound.
14:41 of 1st period - Carson McMillan wins face-off versus Cal O'Reilly in Monsters zone.
14:57 of 1st period - Snap shot by Viktor Arvidsson.
14:57 of 1st period - Stopped by Dan Ellis without a rebound.
14:58 of 1st period - Philippe Cornet wins face-off versus Cal O'Reilly in Penguins zone.
15:21 of 1st period - Kris Fredheim is hit by Jeff Schultz and loses puck.
16:17 of 1st period - Wrist shot by Ryan Olsen.
16:17 of 1st period - Stopped by Matt Climie without a rebound.
16:18 of 1st period - Austin Watson wins face-off versus FARM PLAYER15 in Monsters zone.
16:23 of 1st period - Snap shot by Steven Pinizzotto.
16:23 of 1st period - Stopped by Dan Ellis with a rebound.
16:45 of 1st period - Minor Penalty to FARM PLAYER33 for Hooking.
16:46 of 1st period - Cal O'Reilly wins face-off versus Patrice Cormier in Penguins zone.
17:25 of 1st period - Adam Clendening is hit by Matt MacKenzie and loses puck.
17:30 of 1st period - Wrist shot by Steven Pinizzotto.
17:30 of 1st period - Stopped by Dan Ellis with a rebound.
17:32 of 1st period - Snap shot by Matt MacKenzie.
17:32 of 1st period - Shot Blocked by FARM PLAYER15.
17:47 of 1st period - Off-side.
17:48 of 1st period - Patrice Cormier wins face-off versus Cal O'Reilly in neutral zone.
18:45 of 1st period - Penalty to FARM PLAYER33 is over, FARM PLAYER33 is back on ice.
18:59 of 1st period - Steven Pinizzotto is hit by FARMPLAYER2 and loses puck.
19:36 of 1st period - Wrist shot by Philippe Cornet.
19:36 of 1st period - Stopped by Matt Climie with a rebound.
19:38 of 1st period - Snap shot by Philippe Cornet.
19:38 of 1st period - Shot Misses the Net.
19:40 of 1st period - Wrist shot by Philippe Cornet.
19:40 of 1st period - Stopped by Matt Climie with a rebound.
19:42 of 1st period - Snap shot by FARM PLAYER22.
19:42 of 1st period - Stopped by Matt Climie with a rebound.
19:44 of 1st period - Wrist shot by FARM PLAYER27.
19:44 of 1st period - Shot Misses the Net.
Goals for this period are 0 for Monsters vs 0 for Penguins.
Shots for this period are 10 for Monsters vs 11 for Penguins.

2nd period


0:01 of 2nd period - Cal O'Reilly wins face-off versus FARMPLAYER2 in neutral zone.
0:08 of 2nd period - Snap shot by Jeff Hoggan.
0:08 of 2nd period - Shot Misses the Net.
0:21 of 2nd period - Off-side.
0:22 of 2nd period - Ryan Olsen wins face-off versus Austin Watson in neutral zone.
1:23 of 2nd period - Slapshot by Viktor Arvidsson.
1:23 of 2nd period - Shot Blocked by Trevor Parkes.
1:38 of 2nd period - Wrist shot by Jeff Hoggan.
1:38 of 2nd period - Shot Misses the Net.
1:52 of 2nd period - Jordan Weal is hit by FARMPLAYER2 and loses puck.
2:53 of 2nd period - Minor Penalty to Dustin Gazley for Tripping.
2:54 of 2nd period - Patrice Cormier wins face-off versus Steven Pinizzotto in Penguins zone.
3:05 of 2nd period - Wrist shot by Steven Pinizzotto.
3:05 of 2nd period - Shot Misses the Net.
3:07 of 2nd period - Snap shot by Trevor van Riemsdyk.
3:07 of 2nd period - Stopped by Dan Ellis with a rebound.
3:15 of 2nd period - Snap shot by Austin Watson.
3:15 of 2nd period - Stopped by Dan Ellis with a rebound.
3:17 of 2nd period - Wrist shot by Steven Pinizzotto.
3:17 of 2nd period - Shot Misses the Net.
3:19 of 2nd period - Snap shot by Kris Fredheim.
3:19 of 2nd period - Shot Misses the Net.
3:38 of 2nd period - Slapshot by Viktor Arvidsson.
3:38 of 2nd period - Stopped by Dan Ellis without a rebound.
3:39 of 2nd period - Cal O'Reilly wins face-off versus FARM PLAYER33 in Penguins zone.
3:40 of 2nd period - Slapshot by Viktor Arvidsson.
3:40 of 2nd period - Deflect By Jeff Hoggan.
3:40 of 2nd period - Stopped by Dan Ellis with a rebound.
4:11 of 2nd period - Justin Vaive is hit by Steven Pinizzotto and loses puck.
4:16 of 2nd period - Snap shot by Austin Watson.
4:16 of 2nd period - Shot Misses the Net.
4:42 of 2nd period - Cal O'Reilly is hit by Adam Clendening and loses puck.
4:53 of 2nd period - Penalty to Dustin Gazley is over, Dustin Gazley is back on ice.
5:29 of 2nd period - Ryan Olsen is hit by Scott Timmins.
5:39 of 2nd period - Colton Parayko is hit by Scott Timmins.
5:47 of 2nd period - Blair Riley is hit by Colton Parayko and loses puck.
6:10 of 2nd period - Snap shot by Jason Gregoire.
6:10 of 2nd period - Stopped by Matt Climie with a rebound.
6:16 of 2nd period - Steven Pinizzotto is hit by FARM PLAYER22 and loses puck.
6:31 of 2nd period - Jordan Weal is hit by Carson McMillan and loses puck.
7:06 of 2nd period - Snap shot by Viktor Arvidsson.
7:06 of 2nd period - Stopped by Dan Ellis with a rebound.
7:29 of 2nd period - Icing by Jason Gregoire.
7:30 of 2nd period - Carson McMillan wins face-off versus Austin Watson in Penguins zone.
7:43 of 2nd period - Icing by Blair Riley.
7:44 of 2nd period - Scott Timmins wins face-off versus FARMPLAYER2 in Monsters zone.
9:24 of 2nd period - Justin Vaive is hit by Cal O'Reilly and loses puck.
10:44 of 2nd period - FARM PLAYER33 is hit by Blair Riley and loses puck.
10:56 of 2nd period - Patrice Cormier and Troy Rutkowski fight to a draw.
10:56 of 2nd period - Penalty to Patrice Cormier for Fighting.
10:56 of 2nd period - Penalty to Troy Rutkowski for Fighting.
10:57 of 2nd period - Cal O'Reilly wins face-off versus Carson McMillan in neutral zone.
12:46 of 2nd period - Snap shot by Justin Vaive.
12:46 of 2nd period - Stopped by Matt Climie with a rebound.
12:52 of 2nd period - Cal O'Reilly is hit by Carson McMillan and loses puck.
13:21 of 2nd period - FARM PLAYER33 is hit by Kris Fredheim and loses puck.
13:54 of 2nd period - Snap shot by Viktor Arvidsson.
13:54 of 2nd period - Stopped by Dan Ellis with a rebound.
14:23 of 2nd period - Snap shot by Mitch Callahan.
14:23 of 2nd period - Shot Misses the Net.
14:25 of 2nd period - Backhand shot by Austin Watson.
14:25 of 2nd period - Stopped by Dan Ellis without a rebound.
14:26 of 2nd period - FARMPLAYER2 wins face-off versus Austin Watson in Penguins zone.
14:51 of 2nd period - Wrist shot by Quinton Howden.
14:51 of 2nd period - Shot Misses the Net.
14:53 of 2nd period - Snap shot by Chase Balisy.
14:53 of 2nd period - Shot Misses the Net.
14:55 of 2nd period - Slapshot by Kris Fredheim.
14:55 of 2nd period - Stopped by Dan Ellis with a rebound.
15:47 of 2nd period - Off-side.
15:48 of 2nd period - Ryan Olsen wins face-off versus Austin Watson in neutral zone.
15:51 of 2nd period - Snap shot by Philippe Cornet.
15:51 of 2nd period - Stopped by Matt Climie with a rebound.
16:07 of 2nd period - Wrist shot by Philippe Cornet.
16:07 of 2nd period - Shot Misses the Net.
16:18 of 2nd period - Wrist shot by Scott Timmins.
16:18 of 2nd period - Shot Misses the Net.
17:13 of 2nd period - Drew Bagnall is hit by Trevor van Riemsdyk and loses puck.
17:28 of 2nd period - Cal O'Reilly is hit by Justin Vaive and loses puck.
17:55 of 2nd period - Snap shot by Steven Pinizzotto.
17:55 of 2nd period - Stopped by Dan Ellis with a rebound.
18:19 of 2nd period - Quinton Howden is hit by FARMPLAYER2.
18:23 of 2nd period - Slapshot by Trevor van Riemsdyk.
18:23 of 2nd period - Goal by Trevor van Riemsdyk - Monsters : 1 - Penguins : 0.
18:24 of 2nd period - FARMPLAYER2 wins face-off versus Cal O'Reilly in neutral zone.
18:53 of 2nd period - Philippe Cornet is hit by Austin Watson and loses puck.
19:32 of 2nd period - Jeff Schultz is hit by Blair Riley and loses puck.
19:46 of 2nd period - Colton Parayko is hit by Charles Hudon and loses puck.
Goals for this period are 1 for Monsters vs 0 for Penguins.
Shots for this period are 10 for Monsters vs 3 for Penguins.

3rd period


0:01 of 3rd period - FARMPLAYER2 wins face-off versus Austin Watson in neutral zone.
0:11 of 3rd period - Jeff Schultz and Austin Watson fight to a draw.
0:11 of 3rd period - Penalty to Jeff Schultz for Fighting.
0:11 of 3rd period - Penalty to Austin Watson for Fighting.
0:12 of 3rd period - Charles Hudon wins face-off versus FARMPLAYER2 in Penguins zone.
0:14 of 3rd period - Drew Bagnall beats up Mitch Callahan.
0:14 of 3rd period - Penalty to Drew Bagnall for Fighting.
0:14 of 3rd period - Penalty to Mitch Callahan for Fighting.
0:15 of 3rd period - FARMPLAYER2 wins face-off versus Charles Hudon in Penguins zone.
0:37 of 3rd period - Minor Penalty to Steven Pinizzotto for Hooking.
0:38 of 3rd period - Scott Timmins wins face-off versus FARMPLAYER2 in Monsters zone.
0:46 of 3rd period - Wrist shot by FARMPLAYER2.
0:46 of 3rd period - Shot Misses the Net.
0:48 of 3rd period - Snap shot by Patrice Cormier.
0:48 of 3rd period - Shot Misses the Net.
2:15 of 3rd period - Wrist shot by Patrice Cormier.
2:15 of 3rd period - Shot Misses the Net.
2:29 of 3rd period - FARM PLAYER13 is hit by Carson McMillan and loses puck.
2:37 of 3rd period - Penalty to Steven Pinizzotto is over, Steven Pinizzotto is back on ice.
2:38 of 3rd period - Slapshot by Colton Parayko.
2:38 of 3rd period - Deflect By Dustin Gazley.
2:38 of 3rd period - Stopped by Matt Climie without a rebound.
2:39 of 3rd period - Charles Hudon wins face-off versus Carson McMillan in Monsters zone.
3:11 of 3rd period - Wrist shot by Trevor van Riemsdyk.
3:11 of 3rd period - Deflect By Steven Pinizzotto.
3:11 of 3rd period - Stopped by Dan Ellis with a rebound.
3:27 of 3rd period - Snap shot by Jordan Weal.
3:27 of 3rd period - Shot Blocked by Justin Vaive.
3:29 of 3rd period - Snap shot by Quinton Howden.
3:29 of 3rd period - Shot Misses the Net.
3:31 of 3rd period - Snap shot by Troy Rutkowski.
3:31 of 3rd period - Shot Blocked by Carson McMillan.
4:53 of 3rd period - Icing by Adam Clendening.
4:54 of 3rd period - Cal O'Reilly wins face-off versus Ryan Olsen in Penguins zone.
5:13 of 3rd period - Trevor van Riemsdyk is hit by FARM PLAYER15 and loses puck.
5:32 of 3rd period - Matt MacKenzie is hit by Trevor Parkes and loses puck.
5:37 of 3rd period - Slapshot by FARMPLAYER2.
5:37 of 3rd period - Deflect By Austin Watson.
5:37 of 3rd period - Shot Blocked by Troy Rutkowski.
5:37 of 3rd period - Puck is out of play.
5:38 of 3rd period - Jordan Weal wins face-off versus FARMPLAYER2 in Monsters zone.
5:56 of 3rd period - Wrist shot by Jordan Weal.
5:56 of 3rd period - Deflect By Austin Watson.
5:56 of 3rd period - Shot Misses the Net.
5:56 of 3rd period - Puck is out of play.
5:57 of 3rd period - FARMPLAYER2 wins face-off versus Cal O'Reilly in Penguins zone.
5:57 of 3rd period - FARMPLAYER2 is hit by Troy Rutkowski.
6:24 of 3rd period - Off-side.
6:25 of 3rd period - Jordan Weal wins face-off versus Ryan Olsen in neutral zone.
6:30 of 3rd period - Snap shot by Austin Watson.
6:30 of 3rd period - Shot Misses the Net.
7:54 of 3rd period - Slapshot by Adam Clendening.
7:54 of 3rd period - Shot Misses the Net.
7:56 of 3rd period - Snap shot by Carson McMillan.
7:56 of 3rd period - Shot Misses the Net.
8:57 of 3rd period - Snap shot by Steven Pinizzotto.
8:57 of 3rd period - Shot Blocked by Colton Parayko.
9:09 of 3rd period - Slapshot by Jeff Schultz.
9:09 of 3rd period - Stopped by Matt Climie with a rebound.
9:27 of 3rd period - Minor Penalty to Steven Pinizzotto for Hooking.
9:28 of 3rd period - Austin Watson wins face-off versus FARMPLAYER2 in Monsters zone.
9:28 of 3rd period - Austin Watson is hit by Patrice Cormier.
9:34 of 3rd period - Slapshot by Matt MacKenzie.
9:34 of 3rd period - Deflect By Austin Watson.
9:34 of 3rd period - Deflect By Adam Clendening.
9:34 of 3rd period - Shot Misses the Net.
9:34 of 3rd period - Puck is out of play.
9:35 of 3rd period - FARMPLAYER2 wins face-off versus Austin Watson in Penguins zone.
9:44 of 3rd period - Slapshot by Adam Clendening.
9:44 of 3rd period - Shot Misses the Net.
9:46 of 3rd period - Snap shot by Adam Clendening.
9:46 of 3rd period - Shot Blocked by Austin Watson.
10:02 of 3rd period - Scott Timmins is hit by Carson McMillan and loses puck.
10:57 of 3rd period - Slapshot by Austin Watson.
10:57 of 3rd period - Shot Misses the Net.
10:59 of 3rd period - Wrist shot by Troy Rutkowski.
10:59 of 3rd period - Shot Misses the Net.
11:09 of 3rd period - Mitch Callahan is hit by Carson McMillan and loses puck.
11:24 of 3rd period - Slapshot by Adam Clendening.
11:24 of 3rd period - Goal by Adam Clendening - Monsters : 1 - Penguins : 1.
11:25 of 3rd period - Ryan Olsen wins face-off versus Austin Watson in neutral zone.
11:42 of 3rd period - Snap shot by Philippe Cornet.
11:42 of 3rd period - Shot Misses the Net.
11:46 of 3rd period - Snap shot by Philippe Cornet.
11:46 of 3rd period - Shot Misses the Net.
12:17 of 3rd period - Wrist shot by Viktor Arvidsson.
12:17 of 3rd period - Shot Misses the Net.
14:06 of 3rd period - Ryan Olsen is hit by Matt MacKenzie and loses puck.
14:29 of 3rd period - Viktor Arvidsson is hit by Patrice Cormier and loses puck.
14:36 of 3rd period - Slapshot by Adam Clendening.
14:36 of 3rd period - Stopped by Matt Climie with a rebound.
15:06 of 3rd period - Icing by Dustin Gazley.
15:07 of 3rd period - Carson McMillan wins face-off versus Scott Timmins in Penguins zone.
15:57 of 3rd period - Steven Pinizzotto is hit by FARM PLAYER22 and loses puck.
16:12 of 3rd period - Wrist shot by Jordan Weal.
16:12 of 3rd period - Stopped by Dan Ellis without a rebound.
16:13 of 3rd period - Jordan Weal wins face-off versus FARMPLAYER2 in Penguins zone.
16:44 of 3rd period - Slapshot by Trevor van Riemsdyk.
16:44 of 3rd period - Shot Blocked by Adam Clendening.
17:31 of 3rd period - Snap shot by Viktor Arvidsson.
17:31 of 3rd period - Shot Blocked by Colton Parayko.
17:33 of 3rd period - Slapshot by Viktor Arvidsson.
17:33 of 3rd period - Shot Misses the Net.
17:49 of 3rd period - Wrist shot by Scott Timmins.
17:49 of 3rd period - Stopped by Dan Ellis without a rebound.
17:50 of 3rd period - Scott Timmins wins face-off versus Jason Gregoire in Penguins zone.
18:37 of 3rd period - Justin Vaive is hit by Jordan Weal.
19:01 of 3rd period - Viktor Arvidsson is hit by Ryan Olsen and loses puck.
19:32 of 3rd period - Wrist shot by Viktor Arvidsson.
19:32 of 3rd period - Shot Misses the Net.
19:50 of 3rd period - Dustin Gazley is hit by Scott Timmins.
19:54 of 3rd period - Slapshot by Adam Clendening.
19:54 of 3rd period - Shot Misses the Net.
19:56 of 3rd period - Snap shot by Carson McMillan.
19:56 of 3rd period - Deflect By Dustin Gazley.
19:56 of 3rd period - Stopped by Matt Climie with a rebound.
19:58 of 3rd period - Slapshot by Adam Clendening.
19:58 of 3rd period - Stopped by Matt Climie with a rebound.
Goals for this period are 0 for Monsters vs 1 for Penguins.
Shots for this period are 3 for Monsters vs 6 for Penguins.

Overtime #1


0:01 of 1st overtime period - Austin Watson wins face-off versus Patrice Cormier in neutral zone.
0:17 of 1st overtime period - Snap shot by Patrice Cormier.
0:17 of 1st overtime period - Shot Misses the Net.
0:19 of 1st overtime period - Snap shot by Patrice Cormier.
0:19 of 1st overtime period - Stopped by Matt Climie without a rebound.
0:20 of 1st overtime period - Patrice Cormier wins face-off versus Austin Watson in Monsters zone.
1:00 of 1st overtime period - Adam Clendening is hit by Cal O'Reilly and loses puck.
1:12 of 1st overtime period - Austin Watson is hit by Patrice Cormier and loses puck.
1:35 of 1st overtime period - Slapshot by Patrice Cormier.
1:35 of 1st overtime period - Shot Blocked by Austin Watson.
1:57 of 1st overtime period - Slapshot by Chase Balisy.
1:57 of 1st overtime period - Stopped by Dan Ellis without a rebound.
1:58 of 1st overtime period - Charles Hudon wins face-off versus Jason Gregoire in Penguins zone.
2:13 of 1st overtime period - Chase Balisy is hit by Jason Gregoire and loses puck.
2:18 of 1st overtime period - Slapshot by Adam Clendening.
2:18 of 1st overtime period - Goal by Adam Clendening - Monsters : 1 - Penguins : 2.
Goals for this period are 0 for Monsters vs 1 for Penguins.
Shots for this period are 1 for Monsters vs 2 for Penguins.